 Dungeon Crawl Stone Soup version 0.31-a0-859-g9dce7d3444 (webtiles) character file.

Game seed: 15997415493048732171

114713 YaeFeet the Warrior (level 16, -14/118 HPs)
             Began as a Tengu Fighter on Oct 9, 2023.
             Was an Initiate of Gozag.
             Demolished by a nagaraja
             ... wielding a +0 spear
              (17 damage)
             ... on level 2 of the Snake Pit.
             The game lasted 00:46:50 (25715 turns).

YaeFeet the Warrior (Tengu Fighter)                Turns: 25715, Time: 00:46:51

Health: -14/118    AC: 27    Str: 22    XL:     16   Next: 66%
Magic:  17/17      EV: 17    Int: 10    God:    Gozag
Gold:   1231       SH:  5    Dex: 18    Spells: 15/15 levels left

rFire   + . .        b - +2 rapier (protect)
rCold   . . .        c - +0 buckler
rNeg    + . .        R - +3 chain mail {rF+}
rPois   +            s - +0 hat of the Salmon {-Cast rElec Will+ SInv}
rElec   +            j - +1 cloak
rCorr   +            M - +0 pair of gloves
SInv    +            (boots unavailable)
Will    ++...        l - amulet of regeneration Stlth
                     J - ring "Eteclol" {rPois rN+}
HPRegen 1.19/turn    f - ring "Jiymot" {rCorr Dex+3}
MPRegen 0.15/turn

%: no spellcasting, acrobat
@: mighty, untranslocatable, under a protective aura, flying, constricted
A: beak, talons 3, evasive flight, acrobatic
a: Renounce Religion, Potion Petition, Call Merchant, Bribe Branch


You were on level 2 of the Snake Pit.
You worshipped Gozag.
Gozag was most pleased with you.
You visited 5 branches of the dungeon, and saw 26 of its levels.
You also visited: Ossuary and Bailey.

You collected 8709 gold pieces.
You spent 1001 gold pieces at shops.
You paid 6477 gold pieces to Gozag.

Inventory:

Hand Weapons
 a - a +1 dagger of venom
 b - a +2 rapier of protection (weapon)
Missiles
 t - 27 poisoned darts (quivered)
 x - 4 throwing nets
Armour
 c - a +0 buckler (worn)
 j - a +1 cloak (worn)
 s - the +0 hat of the Salmon (worn) {-Cast rElec Will+ SInv}
   (You found it on level 9 of the Dungeon)

   rElec:     It insulates you from electricity.
   Will+:     It increases your willpower.
   SInv:      It lets you see invisible.
   -Cast:     It prevents spellcasting.
 M - a +0 pair of gloves (worn)
 R - a +3 chain mail of fire resistance (worn)
Jewellery
 f - the ring "Jiymot" (right hand) {rCorr Dex+3}
   (You acquired it on level 8 of the Dungeon)

   [ring of resist corrosion]

   Dex+3:     It affects your dexterity (+3).
   rCorr:     It protects you from acid and corrosion.
 l - an amulet of regeneration (around neck)
 A - a ring of protection from cold
 J - the ring "Eteclol" (left hand) {rPois rN+}
   (You found it on level 9 of the Dungeon)

   [ring of poison resistance]

   rPois:     It protects you from poison rN+: It protects you from negative
   energy.
 U - a +5 ring of evasion
Wands
 p - a wand of flame (11)
 F - a wand of mindburst (9)
 I - a wand of roots (14)
 K - a wand of paralysis (7)
 L - a wand of polymorph (10)
Scrolls
 g - 4 scrolls of vulnerability
 k - 11 scrolls of teleportation
 o - 2 scrolls of immolation
 v - a scroll of enchant armour
 C - 3 scrolls of blinking
 D - 3 scrolls of revelation
 E - 7 scrolls of fog
 G - 5 scrolls of enchant weapon
 N - 4 scrolls of poison
 P - 2 scrolls of fear
 Q - 2 scrolls of silence
 S - 3 scrolls of identify
 T - a scroll of torment
Potions
 e - 11 potions of curing
 h - 2 potions of magic
 m - 6 potions of invisibility
 q - 3 potions of lignification
 r - 4 potions of mutation
 u - 7 potions of enlightenment
 w - 4 potions of brilliance
 z - a potion of berserk rage
 B - 2 potions of haste
 O - a potion of attraction
Miscellaneous
 y - a box of beasts (inert)
 H - a tin of tremorstones (inert)


   Skills:
 - Level 20.0 Fighting
 + Level 10.5 Short Blades
 - Level 15.0 Armour
 - Level 15.0 Dodging
 - Level 3.0 Shields
 + Level 11.5 Evocations


You had 15 spell levels left.
You didn't know any spells.
Your spell library contained the following spells:

 Spells                   Type           Power      Damage    Failure   Level
 Magic Dart               Conj           0%         1d3       87%         1
 Slow                     Hex            0%         N/A       87%         1
 Call Imp                 Summ           0%         N/A       95%         2
 Searing Ray              Conj           0%         2d4       95%         2
 Confusing Touch          Hex            0%         N/A       99%         3
 Hailstorm                Conj/Ice       0%         3d3       99%         3
 Mephitic Cloud           Conj/Pois/Air  0%         N/A       99%         3
 Sigil of Binding         Hex            0%         N/A       99%         3
 Stone Arrow              Conj/Erth      0%         3d7       99%         3
 Summon Guardian Golem    Hex/Summ       0%         N/A       99%         3
 Vampiric Draining        Necr           0%         2d6       99%         3
 Animate Armour           Summ/Erth      0%         N/A       100%        4
 Fulminant Prism          Conj/Hex       0%         3d5       100%        4
 Summon Ice Beast         Ice/Summ       0%         N/A       100%        4
 Summon Forest            Summ/Tloc      0%         N/A       100%        5
 Conjure Ball Lightning   Conj/Air       0%         3x3d6     100%        6
 Eringya's Noxious Bog    Tmut/Pois      0%         4d6       100%        6
 Orb of Destruction       Conj           0%         9d5       100%        7
 Spellforged Servitor     Conj/Summ      0%         N/A       100%        7
 Summon Hydra             Summ           0%         N/A       100%        7
 Discord                  Hex            0%         N/A       100%        8
 Disjunction              Tloc           0%         N/A       100%        8
 Lehudib's Crystal Spear  Conj/Erth      0%         10d2      100%        8
 Simulacrum               Ice/Necr       Unusable   N/A       N/A         6

Dungeon Overview and Level Annotations

Branches:
Dungeon (15/15)            Temple (0/1) D:4            Lair (5/5) D:11
  Swamp (2/4) Lair:3        Snake (2/4) Lair:2        Slime (0/5) Lair:4
    Orc (2/2) D:12            Elf (0/3) Orc:2        Vaults (0/5) D:13
 Depths (0/4) D:15        Ossuary (visited)          Bailey (visited)

Altars:
Ashenzari
Cheibriados
Dithmenos
Gozag
Kikubaaqudgha
Makhleb
Nemelex Xobeh
Okawaru
Ru
Trog
Uskayaw
Vehumet
Xom
Yredelemnul
Jiyva

Shops:
D:7 *   D:9 (   D:15 =   Orc:2 [[*[(*   Lair:1 (   Lair:4 [

Portals:
Trove: D:15 (give 13 scrolls of teleportation)

Annotations:
D:6 3 runed translucent doors, JaaP's ghost, novice MiFi
Lair:1 3 runed translucent doors, Jador's ghost, journeyman TeHu
Orc:1 2 transporters, Ge0ff's ghost, journeyman OpHs
Orc:2 3 runed translucent doors, AncientFaroe's ghost, journeyman DEEE; kaesh's ghost, journeyman HOBe


Innate Abilities, Weirdness & Mutations

You have a beak for a mouth.
You have claws for feet.
Your magical flight helps you evade attacks. (EV +4)
You can magically evade attacks while moving or waiting.


Message History

The nagaraja casts a spell at you. The poison arrow misses you.
The nagaraja constricts you.
The nagaraja hits you but does no damage.
The nagaraja constricts you.
You puncture the nagaraja! You claw the nagaraja!
The nagaraja is almost dead.
The nagaraja hits you with a +0 spear! The nagaraja constricts you.
You hit the nagaraja. Your peck misses the nagaraja.
The nagaraja is almost dead.
The nagaraja casts a spell at you. The bolt of poison hits you! You resist.
* * * LOW HITPOINT WARNING * * *
The nagaraja constricts you.
* * * LOW HITPOINT WARNING * * *
You hit the nagaraja. Your peck misses the nagaraja.
The nagaraja is almost dead.
The nagaraja points at you and mumbles some strange words.
You feel firmly anchored in space. The nagaraja constricts you.
* * * LOW HITPOINT WARNING * * *
You barely miss the nagaraja. Your kick misses the nagaraja.
The nagaraja is almost dead.
The nagaraja spits poison at you. You block the splash of poison.
The nagaraja constricts you.
Okay, then.
Aiming: Mindburst
Press: ? - help, Shift-Dir - straight line, f - nagaraja
Aim: a nagaraja, wielding a +0 spear and wearing a +0 robe (almost dead, constricting you, fast, catching its breath, chance to affect: 8%)
Okay, then.
You hit the nagaraja but do no damage. Your kick misses the nagaraja.
The nagaraja is almost dead.
You block the nagaraja's attack. The nagaraja constricts you.
You feel very mighty all of a sudden.
The nagaraja is no longer moving quickly.
The nagaraja hits you with a +0 spear!
* * * LOW HITPOINT WARNING * * *
The nagaraja constricts you!
* * * LOW HITPOINT WARNING * * *
The nagaraja hits you with a +0 spear!
You die...
Your body crumbles into a pile of gold.

##..# #.## ##.##
#.# ##.####.#
##..#..##
##..)..###
##...)..#
#..####.# #.## .#
##@# # # #.N#
#.## ##..#
#..#####).##
#........#
..#...N....##
#...........##
#...........###
#...#..####...###


You could see a nagaraja (catching breath).

Vanquished Creatures
  Jorgrun (D:15)
  Kirke (D:14)
  Gastronok (D:12)
  2 eleionomae (Swamp:1)
  Azrael (D:15)
  A minotaur (D:14)
  2 bunyips
  A shambling mangrove (Swamp:2)
  4 vault guards (D:13)
  An ogre mage (D:13)
  A catoblepas (D:13)
  6 hydras
  3 centaur warriors (D:14)
  2 anacondas (Snake:1)
  5 death yaks (Lair:3)
  2 two-headed ogres
  5 boulder beetles
  A naga warrior (Snake:1)
  3 naga sharpshooters
  An orc high priest (Orc:2)
  2 shock serpents (Snake:1)
  A salamander mystic (Snake:1)
  3 skysharks
  2 goliath frogs
  A spriggan druid (Swamp:2)
  2 naga ritualists
  5 orc knights
  2 wizards
  A lindwurm (D:9)
  2 bog bodies
  3 deep elf pyromancers
  A necromancer (D:15)
  4 manticores
  11 ugly things
  6 orc sorcerers
  3 mana vipers
  A centaur zombie (D:15)
  4 will-o-the-wisps
  6 cyclopes
  4 salamanders
  10 elephants
  18 black mambas
  Maggie (D:8)
  5 naga magi
  A torpor snail (Lair:4)
  Joseph (Lair:1)
  14 cane toads
  3 gargoyles
  A kobold demonologist (Bailey)
  A yaktaur (D:13)
  3 unseen horrors
  2 rime drakes
  An efreet (D:13)
  10 komodo dragons
  An unseen horror zombie (D:9)
  An unseen horror skeleton (D:9)
  A tengu conjurer (D:13)
  3 meliai (D:15)
  7 trolls
  3 polar bears
  5 tyrant leeches
  3 hornets
  2 dream sheep (Lair:4)
  Prince Ribbit (D:8)
  17 blink frogs
  10 slime creatures
  A jumping spider (D:9)
  A water elemental (D:14)
  2 wraiths
  9 wyverns
  A shadow (D:12)
  A spriggan (Swamp:2)
  An unseen horror simulacrum (D:9)
  3 basilisks
  30 yaks
  3 redbacks (D:9)
  A fire elemental (D:15)
  20 vampire mosquitoes
  5 wargs
  Menkaure (D:7)
  12 nagas
  6 swamp worms
  2 acid dragons
  28 orc warriors
  13 water moccasins
  3 hell hounds (D:15)
  Pargi (D:3)
  A meliai simulacrum (D:15)
  2 sky beasts (D:7)
  2 black bears
  10 ogres
  17 wolves (Lair:2)
  10 centaurs
  A phantom (D:6)
  2 kobold brigands (D:8)
  14 bullfrogs
  A gnoll sergeant (D:6)
  An elf skeleton (D:8)
  2 wights (D:8)
  8 killer bees
  2 howler monkeys
  11 electric eels
  2 lava snakes (D:9)
  4 hounds
  2 human zombies
  2 jellies
  18 orc priests
  4 gnoll boudas
  2 centaur skeletons
  Jessica (D:2)
  3 human skeletons (D:8)
  4 iguanas
  A scorpion zombie (D:3)
  A boggart zombie (D:15)
  24 orc wizards
  A killer bee zombie (D:9)
  4 mummies (Ossuary)
  28 gnolls
  8 adders
  A white imp (D:6)
  2 ufetubi (D:5)
  A worm (D:3)
  12 dart slugs
  81 orcs
  5 ball pythons
  6 endoplasms
  4 giant cockroaches
  12 goblins
  25 hobgoblins
  7 jackals
  2 quokkas
  A ball python zombie (D:3)
  6 bats
  3 frilled lizards
  23 kobolds
  2 kobold zombies (Ossuary)
  An orc zombie (D:8)
  10 rats
774 creatures vanquished.

Vanquished Creatures (collateral kills)
  A hydra (D:15)
  A centaur warrior (D:15)
  An orc sorcerer (Orc:2)
  A cyclops (D:15)
  2 cane toads (Lair:4)
  A blink frog (Lair:4)
  3 centaurs (D:15)
  2 wights (D:8)
  4 orc priests (Orc:2)
  5 orc wizards (Orc:2)
  An orc (Orc:2)
22 creatures vanquished.

Vanquished Creatures (others)
  2 bloated husks
  4 humans (D:14)
  A naga (Snake:1)
  2 orc wizards (Orc:2)
  14 foxfires
23 creatures vanquished.

Grand Total: 819 creatures vanquished

Notes
Turn   | Place    | Note
-------+----------+-------------------------------------------
     0 | D:1      | YaeFeet the Tengu Fighter began the quest for the Orb.
     0 | D:1      | Reached XP level 1. HP: 14/14 MP: 2/2
    96 | D:1      | Reached XP level 2. HP: 19/19 MP: 3/3
   453 | D:1      | Reached XP level 3. HP: 12/23 MP: 4/4
   807 | D:2      | Reached XP level 4. HP: 28/28 MP: 5/5
   840 | D:2      | Noticed Jessica
   853 | D:2      | Killed Jessica
   854 | D:2      | Reached skill level 5 in Short Blades
   944 | D:2      | Reached XP level 5. HP: 32/32 MP: 6/6
   973 | D:2      | Found a sparkling altar of Nemelex Xobeh.
  1650 | D:3      | Found a radiant altar of Vehumet.
  1777 | D:3      | Found a faded altar of an unknown god.
  1794 | D:3      | Noticed Pargi
  1811 | D:3      | Killed Pargi
  1812 | D:3      | Reached XP level 6. HP: 11/37 MP: 7/7
  2022 | D:3      | Found an ancient bone altar of Kikubaaqudgha.
  2079 | D:3      | Found a shimmering altar of Xom.
  2407 | D:3      | Found a basalt altar of Yredelemnul.
  2498 | D:4      | Found an opulent altar of Gozag.
  2504 | D:4      | Became a worshipper of Gozag Ym Sagoz the Greedy
  2547 | D:4      | Found a broken altar of Ashenzari.
  2648 | D:4      | Found a staircase to the Ecumenical Temple.
  2809 | D:4      | Noticed a black bear
  2820 | D:4      | Killed a black bear
  2821 | D:4      | Gained mutation: Your magical flight helps you evade
                  | attacks. (EV +4) [Tengu growth]
  2821 | D:4      | Reached XP level 7. HP: 41/41 MP: 8/8
  3090 | D:5      | Entered Level 5 of the Dungeon
  3497 | D:5      | Reached skill level 1 in Dodging
  3611 | D:5      | Found a snail-covered altar of Cheibriados.
  3781 | D:5      | Reached XP level 8. HP: 38/47 MP: 9/9
  4109 | D:6      | Reached skill level 4 in Fighting
  4347 | D:6      | Reached skill level 5 in Armour
  4467 | D:5      | Reached skill level 5 in Fighting
  4552 | D:6      | Found a sacrificial altar of Ru.
  4613 | D:6      | Found a runed translucent gate.
  4613 | D:6      | Found a runed translucent gate.
  4613 | D:6      | Found a runed translucent gate.
  4615 | D:6      | Noticed JaaP's ghost (novice MiFi)
  4973 | D:7      | Reached XP level 9. HP: 54/54 MP: 10/10
  5008 | D:7      | Found a burning altar of Makhleb.
  5008 | D:7      | Noticed a cacodemon
  5019 | D:7      | Found Wananevi's Assorted Antiques.
  5023 | D:7      | Noticed Menkaure
  5030 | D:7      | Killed Menkaure
  5057 | D:7      | Found a hide-covered altar of Uskayaw.
  5076 | D:7      | Reached skill level 10 in Short Blades
  5177 | D:7      | Reached skill level 5 in Dodging
  5206 | D:7      | Bought a scroll labelled MAAWKE ULOSE for 27 gold pieces
  5206 | D:7      | Bought a scroll labelled BIPTETY NACLE for 27 gold pieces
  5206 | D:7      | Bought a wooden ring for 135 gold pieces
  5617 | D:8      | Reached skill level 6 in Fighting
  5619 | D:8      | Acquired the ring "Jiymot" {rCorr Dex+3}
  5839 | D:8      | Found a sand-covered staircase.
  5867 | Ossuary  | Entered an ossuary
  6076 | D:8      | Noticed Prince Ribbit
  6096 | D:8      | Killed Prince Ribbit
  6208 | D:8      | Reached XP level 10. HP: 50/61 MP: 11/11
  6283 | D:8      | Found a flagged portal.
  6290 | Bailey   | Entered a bailey
  6381 | Bailey   | Reached skill level 7 in Fighting
  6393 | Bailey   | Noticed an orc sorcerer
  6411 | Bailey   | Killed an orc sorcerer
  6510 | Bailey   | Acquired the +0 hat of the Pirate {Drain +Inv rC+ Dex+4}
  6546 | Bailey   | Found the +5 glaive of the Guard {elec, spectral}
  6554 | Bailey   | Found an iron altar of Okawaru.
  6554 | Bailey   | Noticed a kobold demonologist
  6554 | Bailey   | Noticed an orc knight
  6563 | Bailey   | Killed a kobold demonologist
  6635 | Bailey   | Killed an orc knight
  6664 | Bailey   | Noticed an orc knight
  6696 | Bailey   | Killed an orc knight
  6697 | Bailey   | Reached skill level 8 in Fighting
  6710 | Bailey   | Noticed an orc knight
  6729 | Bailey   | Killed an orc knight
  6848 | Bailey   | Acquired a manual of Fighting
  7508 | D:8      | Reached XP level 11. HP: 56/69 MP: 12/12
  7610 | D:8      | Found a sparkling altar of Nemelex Xobeh.
  7665 | D:8      | Found a shadowy altar of Dithmenos.
  7804 | D:8      | Reached skill level 9 in Fighting
  7837 | D:8      | Noticed Maggie
  7849 | D:8      | Killed Maggie
  8514 | D:9      | Reached skill level 10 in Armour
  8553 | D:9      | Reached skill level 10 in Fighting
  8938 | D:9      | Found a runed translucent door.
  9001 | D:9      | Identified the +0 hat of the Salmon {-Cast rElec Will+
                  | SInv}
  9004 | D:9      | Found a runed translucent gate.
  9004 | D:9      | Found a runed translucent gate.
  9004 | D:9      | Found a runed translucent gate.
  9004 | D:9      | Found a runed translucent gate.
  9004 | D:9      | Found a runed translucent gate.
  9004 | D:9      | Noticed a lindwurm
  9004 | D:9      | Noticed a boulder beetle
  9009 | D:9      | Found a runed translucent gate.
  9019 | D:9      | Killed a boulder beetle
  9020 | D:9      | Reached skill level 10 in Dodging
  9041 | D:9      | Killed a lindwurm
  9042 | D:9      | Reached skill level 11 in Fighting
  9053 | D:9      | Identified the ring "Eteclol" {rPois rN+}
  9099 | D:10     | Entered Level 10 of the Dungeon
  9608 | D:10     | You are sucked into a shaft and drop 3 floors!
  9625 | D:13     | Noticed a purple ugly thing
  9702 | D:13     | Noticed a deep elf pyromancer
  9703 | D:13     | Noticed a catoblepas
  9723 | D:13     | Noticed a deep elf pyromancer
  9725 | D:13     | Killed a catoblepas
  9726 | D:13     | Reached skill level 12 in Fighting
  9726 | D:13     | Reached XP level 12. HP: 54/81 MP: 13/13
 10107 | D:10     | Found an iron altar of Okawaru.
 10236 | D:11     | Noticed a two-headed ogre
 10246 | D:11     | Killed a two-headed ogre
 10247 | D:11     | Reached skill level 13 in Fighting
 10767 | D:11     | HP: 4/84 [slime creature (9)]
 10847 | D:11     | Found a staircase to the Lair.
 10978 | D:12     | Noticed Gastronok
 11038 | Lair:1   | Entered Level 1 of the Lair of Beasts
 11233 | Lair:1   | Noticed Jador's ghost (journeyman TeHu)
 11438 | Lair:1   | Reached skill level 14 in Fighting
 11468 | Lair:1   | Found a runed translucent gate.
 11468 | Lair:1   | Found a runed translucent gate.
 11469 | Lair:1   | Found a runed translucent gate.
 11709 | Lair:1   | Bought a smoking rapier for 261 gold pieces
 11709 | Lair:1   | Identified the +1 rapier "Ygigal" {heavy, rC+ Str+2} (You
                  | bought it in a shop on level 1 of the Lair of Beasts)
 11758 | Lair:1   | Reached XP level 13. HP: 73/91 MP: 14/14
 11998 | Lair:1   | Noticed Joseph
 12016 | Lair:1   | Killed Joseph
 12286 | Lair:2   | Found a staircase to the Snake Pit.
 12539 | Lair:2   | Reached skill level 15 in Fighting
 13657 | Lair:3   | Reached skill level 16 in Fighting
 13801 | Lair:3   | Found a staircase to the Swamp.
 14534 | Lair:4   | Reached XP level 14. HP: 100/100 MP: 15/15
 14739 | Lair:4   | Found a staircase to the Slime Pits.
 14740 | Lair:4   | Found a viscous altar of Jiyva.
 14998 | Lair:5   | Entered Level 5 of the Lair of Beasts
 15153 | Lair:4   | Bought a glowing chain mail for 285 gold pieces
 15358 | Lair:5   | HP: 2/100 [cane toad (12)]
 15463 | Lair:4   | HP: 2/100 [cane toad (11)]
 15680 | Lair:5   | Reached skill level 15 in Armour
 15683 | Lair:5   | Reached skill level 17 in Fighting
 15858 | Lair:5   | Reached skill level 1 in Evocations
 16120 | Lair:5   | Identified the +1 longbow "Niqa" {drain, Dex+4}
 16754 | D:12     | Killed Gastronok
 16755 | D:12     | Reached skill level 15 in Dodging
 17246 | D:12     | Found a staircase to the Orcish Mines.
 17525 | D:13     | Reached skill level 5 in Evocations
 17565 | D:13     | Reached XP level 15. HP: 102/108 MP: 16/16
 17766 | D:13     | Found a gate to the Vaults.
 18245 | D:14     | Noticed Kirke
 18262 | D:14     | Killed Kirke
 18263 | D:14     | Reached skill level 18 in Fighting
 18893 | D:14     | HP: 5/108 [large slime creature (27)]
 19213 | D:14     | Found the +18 Lear's hauberk
 19548 | D:15     | Entered Level 15 of the Dungeon
 19616 | D:15     | Found a portal to a secret trove of treasure.
 19712 | D:15     | Identified the +1 leather armour "Lynal" {Int+6}
 19877 | D:15     | Noticed Jorgrun
 19900 | D:15     | Killed Jorgrun
 20038 | D:15     | Identified the +0 ring mail of Dim Light {rF- Dex+5 Slay+4}
 20213 | D:15     | Noticed Azrael
 20251 | D:15     | HP: 4/109 [Azrael/fireball (13)]
 20258 | D:15     | Killed Azrael
 20751 | D:15     | Found a staircase to the Depths.
 21027 | Swamp:1  | Entered Level 1 of the Swamp
 21208 | Swamp:1  | Reached skill level 19 in Fighting
 21856 | Swamp:2  | Reached XP level 16. HP: 58/116 MP: 17/17
 22587 | Orc:1    | Entered Level 1 of the Orcish Mines
 22594 | Orc:1    | Found a transporter.
 22596 | Orc:1    | Found a transporter.
 22687 | Orc:1    | Found a bloodstained altar of Trog.
 22770 | Orc:1    | Noticed Ge0ff's ghost (journeyman OpHs)
 22822 | Orc:1    | Reached skill level 10 in Evocations
 22924 | Orc:2    | Entered Level 2 of the Orcish Mines
 22924 | Orc:2    | Found a staircase to the Elven Halls.
 23214 | Orc:2    | Found Zaemap's Antique Weapon Shoppe.
 23461 | Orc:2    | Found Deketori's Antique Armour Shoppe.
 23461 | Orc:2    | Found Basan's General Store.
 23463 | Orc:2    | Found Voaxtih's Antique Armour Emporium.
 23475 | Orc:2    | Found Detto's Armour Emporium.
 23514 | Orc:2    | Bought a potion of curing for 42 gold pieces
 23514 | Orc:2    | Bought a scroll of identify for 28 gold pieces
 23578 | Orc:2    | Bought an ichor-stained dagger for 196 gold pieces
 23578 | Orc:2    | Identified the +2 dagger of Dithmenos's Grace {heavy, rN+}
                  | (You bought it in a shop on level 2 of the Orcish Mines)
 23774 | Orc:2    | Found a runed translucent gate.
 23774 | Orc:2    | Found a runed translucent gate.
 23774 | Orc:2    | Found a runed translucent gate.
 23776 | Orc:2    | Noticed kaesh's ghost (journeyman HOBe)
 23776 | Orc:2    | Noticed AncientFaroe's ghost (journeyman DEEE)
 24286 | Snake:1  | Entered Level 1 of the Snake Pit
 25413 | Snake:1  | Reached skill level 20 in Fighting
 25672 | Snake:2  | Noticed a nagaraja
 25715 | Snake:2  | HP: 3/118 [constriction (7)]
 25715 | Snake:2  | Demolished by a nagaraja

Illustrated notes

Levels and vault maps discovered:
D:1:      minmay_arrival_loop, layout_basic
D:2:      cheibrodos_helix_gallery, layout_basic, basic_altar,
          serial_park_tiny_2, uniq_jessica
D:3:      layout_loops_ring, xom_teletrap_fun, lemuel_zombie_altar_yredelemnul,
          vehumet_crystals, mainiacjoe_overflow_boulevard,
          shapermc_ecumenical_altar_mp_ritualfount, lexackson_kobold_supper,
          uniq_pargi
D:4:      layout_gridville, cheibrodos_ashenzari_chains,
          grunt_gozag_breadcrumbs, minmay_temple_entry_stoned_glass
D:5:      layout_loops_corners, kennysheep_slug_shrine
D:6:      layout_gridville, mainiacjoe_overflow_24_doors,
          ebering_ghost_rock_garden
D:7:      layout_rooms, makhleb_altar_promises_db, mainiacjoe_overflow_catwalk,
          serial_shops, nicolae_shop_overgrown_old_shop, water_boxes_lemuel,
          uniq_menkaure
D:8:      layout_basic, nemelex_altar_shiori, nicolae_dithmenos_the_darkroom,
          enter_bailey_4, nicolae_ossuary_entry_catacombs, uniq_prince_ribbit1,
          uniq_maggie
D:9:      gammafunk_indiana_jones, layout_basic, hangedman_weighted_door,
          nrook_pool_corridor
D:10:     layout_big_octagon, mainiacjoe_overflow_brackets, nicolae_water_bricks
D:11:     hellmonk_ruined_rings, layout_long_grid
D:12:     layout_rooms, minmay_orc_entry_guard_dogs,
          chequers_hall_statues_corner_a, uniq_gastronok
D:13:     layout_cave_pools, grunt_vaults_entry_fortified
D:14:     layout_roguey [special_room_orc], kennysheep_path_1,
          hellmonk_guarded_unrand_lears, uniq_kirke
D:15:     grunt_enter_depths_magical_seal, layout_layer_cave,
          nicolae_trove_entry_free_sample, uniq_azrael, uniq_jorgrun
Lair:1:   layout_cave_pods, gammafunk_ghost_icy, uniq_joseph
Lair:2:   layout_roguey, minmay_snake_entry_guardpost_small
Lair:3:   layout_gridlike, minmay_swamp_entry_reptiles, grunt_megastairs_3
Lair:4:   layout_hall_layers, slime_entry_1, serial_bayou_shore_a
Lair:5:   minmay_lair_end_frog_pond, layout_loops_ring,
          infiniplex_staircase_pool
Swamp:1:  layout_basic_swamp, nicolae_swamp_dense_foliage, swamp_pool1
Swamp:2:  layout_basic_swamp, evilmike_swamp_ruin_rubble_1, swamp_pool4,
          beargit_elvish_explorers
Snake:1:  layout_concentric_octagons
Snake:2:  layout_layer_cave, nicolae_alphabet_shops, minmay_shop_grove
Orc:1:    layout_caves, gammafunk_ghost_wrathful_warriors
Orc:2:    st_orc_mages, layout_caves, serial_shops, shop,
          gammafunk_ghost_cemetery

Skill      XL: |  1  2  3  4  5  6  7  8  9 10 11 12 13 14 15 16 |
---------------+-------------------------------------------------+-----
Short Blades   | 3 4 5 7 8 9 10 | 10.5
Dodging        | 2 4 6 8 10 12 13 15 | 15.0
Armour         | 4 5 7 9 11 12 14 15 | 15.0
Fighting       | 5 6 8 12 14 16 17 19 20 | 20.0
Evocations     | 5 9 11 | 11.5
Shields        | |  3.0

Action                     |  1- 3 |  4- 6 |  7- 9 | 10-12 | 13-15 | 16-18 || total
---------------------------+-------+-------+-------+-------+-------+-------++-------
  Melee: Rapier            |    37 |       |       |   487 |  1934 |   438 ||  2896
         Kick              |    21 |    69 |   181 |   407 |  1035 |   380 ||  2093
         Dagger            |    46 |   202 |   502 |   491 |   162 |   386 ||  1789
         Peck              |     4 |    36 |   116 |   285 |   638 |   267 ||  1346
  Throw: Dart              |       |       |     6 |     7 |     4 |     4 ||    21
         Throwing net      |       |       |       |     2 |       |       ||     2
 Invoke: Call Merchant     |       |       |       |     2 |     2 |     1 ||     5
         Potion Petition   |       |       |       |     1 |     5 |       ||     6
  Evoke: Wand              |       |       |     3 |    13 |     2 |     2 ||    20
         Tin of tremorston |       |       |       |       |     2 |     3 ||     5
         Box of beasts     |       |       |       |       |     1 |     1 ||     2
    Use: Scroll            |       |       |    15 |     8 |    10 |     8 ||    41
         Potion            |       |       |       |     3 |    13 |     3 ||    19
   Stab: Distracted        |       |       |     2 |     9 |     7 |     5 ||    23
         Held in net/web   |       |       |       |     2 |       |       ||     2
         Invisible         |       |       |       |     1 |     1 |       ||     2
         Sleeping          |       |       |       |     1 |       |       ||     1
 Armour: Scale mail        |    42 |    78 |     1 |       |       |       ||   121
         Chain mail        |       |       |   149 |    77 |  1074 |   345 ||  1645
         Swamp dragon scal |       |       |       |   267 |   121 |       ||   388
  Dodge: Dodged            |    37 |    95 |   198 |   714 |  1942 |   574 ||  3560
  Block: Buckler           |     7 |    38 |    79 |   214 |   506 |   168 ||  1012

Table legend: (Time is in decaauts)
 A = Elapsed time spent in this place.
 B = Non-inter-level travel time spent in this place.
 C = Inter-level travel time spent in this place.
 D = Time resting spent in this place.
 E = Time spent auto-exploring this place.
 F = Levels seen in this place.
 G = Mean time per level.
                   A        B        C        D        E       F      G
               +--------+--------+--------+--------+--------+-----+--------+
         Total |  24209 |  22873 |   1336 |   1021 |  14788 |  28 |  864.6 |
       Dungeon |  13630 |  12948 |    682 |    486 |   8892 |  15 |  908.7 |
          Lair |   5581 |   5116 |    465 |    221 |   3190 |   5 | 1116.2 |
         Swamp |   1353 |   1280 |     73 |    241 |    701 |   2 |  676.5 |
     Snake Pit |   1225 |   1210 |     15 |      1 |    725 |   2 |  612.5 |
  Orcish Mines |   1478 |   1379 |     99 |     57 |    908 |   2 |  739.0 |
       Ossuary |    170 |    170 |      0 |      0 |      0 |   1 |  170.0 |
        Bailey |    770 |    770 |      0 |     15 |    372 |   1 |  770.0 |
               +--------+--------+--------+--------+--------+-----+--------+

Top non-repeatable levels by time:
     D:8: 1352 daAuts
    D:14: 1307 daAuts
    D:15: 1307 daAuts
  Lair:1: 1298 daAuts
  Lair:4: 1221 daAuts
  Lair:3: 1123 daAuts
 Snake:1: 1102 daAuts
     D:5: 1062 daAuts
  Lair:5: 1011 daAuts
    D:13: 985 daAuts
    D:11: 974 daAuts
     D:9: 945 daAuts
  Lair:2: 927 daAuts
     D:2: 925 daAuts
 Swamp:1: 858 daAuts
